AoeStats
← Stephan

Oasis

508398952Analyzed
4v4 RM · 11d ago on Sep 22, 2026· 58m 39s· 8 players
Game mode
Random Map
Map size
Large (8 player)
Population
200
Speed
Normal
Resources
Standard
Victory
Conquest
Starting age
Dark Age
Ending age
Imperial Age
RankedLock teamsTeams togetherTeam positionsShared explorationLock speedFull tech treeHidden civsTurbo modeCheats
Victory
Defeat
1319
+11
🇦🇺 Mongols · Australia
1258
+14
🇦🇺 Jurchens · Australia
1246
+14
🇷🇴 Celts · Romania
1202
+16
🇫🇷 Burgundians · France
1329
-18
🇳🇱 Persians · Netherlands
1182
-13
🇫🇷 Mongols · France
1179
-13
🇹🇼 Magyars · Taiwan
1149
-11
PinusBreath
9:49 Feudal Age
14:51 Castle Age
13:39 Double-Bit Axe
13:37 Horse Collar
16:15 Wheelbarrow
17:15 Loom
19:10 Loom
26:44 Fletching
26:54 Padded Archer Armor
27:05 Forging
27:00 Scale Barding Armor
28:59 Hand Cart
28:30 Town Watch
31:24 Imperial Age
29:23 Light Cavalry
30:18 Stone Mining
30:19 Gold Mining
30:28 Bodkin Arrow
30:48 Leather Archer Armor
31:08 Iron Casting
34:28 Pikeman
35:28 Bloodlines
35:19 Husbandry
35:48 Bow Saw
36:13 Conscription
35:54 Elite Mangudai
37:26 Ballistics
36:58 Heavy Camel Rider
38:52 Blast Furnace
38:12 Chain Barding Armor
42:16 Stone Shaft Mining
42:16 Gold Shaft Mining
44:30 Hoardings
45:30 Hussar
51:09 Elite Skirmisher
52:32 Capped Ram
57:04 Thumb Ring
57:23 Town Patrol
MCMLXX
2:32 Loom
12:17 Feudal Age
19:57 Castle Age
17:44 Double-Bit Axe
17:50 Horse Collar
19:10 Gold Mining
19:15 Stone Mining
21:27 Caravan
29:31 Bow Saw
29:27 Heavy Plow
34:35 Imperial Age
32:06 Town Watch
33:39 Wheelbarrow
33:46 Gold Shaft Mining
35:31 Stronghold
35:53 Furor Celtica
35:42 Fletching
35:28 Heavy Scorpion
36:52 Ballistics
37:33 Chemistry
38:56 Conscription
40:41 Forging
40:32 Scale Mail Armor
2ʙ♥ˡᵒᵛᵉᵧₒᵤ
0:41 Loom
11:10 Feudal Age
13:01 Double-Bit Axe
13:43 Horse Collar
20:46 Castle Age
20:51 Stone Mining
20:54 Gold Mining
22:46 Wheelbarrow
22:37 Heavy Plow
22:51 Bow Saw
24:26 Gold Shaft Mining
26:07 Pikeman
26:48 Squires
26:55 Scale Mail Armor
28:26 Hand Cart
29:21 Forging
29:26 Chain Mail Armor
29:44 Ballistics
33:46 Imperial Age
35:22 Conscription
35:08 Ballistas
37:03 Chemistry
36:25 Ballistas
38:31 Heavy Scorpion
41:09 Siege Engineers
41:39 Capped Ram
41:42 Halberdier
43:13 Iron Casting
44:02 Siege Ram
46:20 Blast Furnace
Alicat
9:03 Feudal Age
10:25 Double-Bit Axe
12:50 Loom
13:17 Horse Collar
17:23 Wheelbarrow
20:09 Castle Age
18:57 Bloodlines
21:31 Bow Saw
21:21 Heavy Plow
21:50 Husbandry
24:22 Loom
27:16 Scale Barding Armor
28:58 Padded Archer Armor
29:20 Chain Barding Armor
29:01 Treadmill Crane
31:01 Forging
35:46 Iron Casting
38:16 Imperial Age
36:20 Hand Cart
35:50 Town Watch
35:39 Light Cavalry
38:18 Elite Steppe Lancer
39:34 Plate Barding Armor
39:22 Conscription
38:59 Capped Ram
40:54 Blast Furnace
42:39 Hussar
45:18 Fletching
45:49 Ballistics
46:30 Chemistry
49:55 Caravan
52:48 Elite Iron Pagoda
53:58 Siege Engineers
58:18 Masonry
58:19 Fortified Wall
58:01 Siege Ram
Si TôT
6:25 Loom
9:28 Feudal Age
8:32 Double-Bit Axe
19:34 Castle Age
18:02 Scale Barding Armor
18:30 Forging
18:06 Horse Collar
18:54 Bow Saw
19:36 Heavy Plow
20:26 Husbandry
21:22 Gold Mining
22:23 Cavalier
24:51 Chain Barding Armor
34:07 Padded Archer Armor
33:58 Fletching
35:19 Two-Man Saw
34:58 Crossbowman
39:17 Wheelbarrow
41:34 Ballistics
41:45 Bodkin Arrow
42:05 Leather Archer Armor
52:10 Imperial Age
50:44 Hand Cart
Stephan
11:13 Feudal Age
15:03 Castle Age
13:24 Double-Bit Axe
13:22 Horse Collar
16:03 Bow Saw
21:35 Heavy Plow
22:20 Gold Mining
23:45 Wheelbarrow
26:22 Hand Cart
27:05 Stone Mining
27:54 Gold Shaft Mining
28:36 Loom
29:40 Scale Barding Armor
29:46 Bloodlines
29:36 Husbandry
33:02 Imperial Age
31:00 Town Watch
31:36 Chain Barding Armor
32:43 Town Patrol
32:26 Treadmill Crane
32:59 Masonry
33:04 Caravan
32:57 Light Cavalry
33:41 Cavalier
34:57 Plate Barding Armor
33:49 Hussar
35:43 Two-Man Saw
35:16 Crop Rotation
35:15 Conscription
35:50 Siege Engineers
35:49 Corvinian Army
36:16 Elite Magyar Huszar
37:34 Hoardings
36:29 Paladin
37:11 Corvinian Army
39:22 Elite Magyar Huszar
46:39 Murder Holes
Giraffetietje
8:28 Loom
10:16 Feudal Age
11:13 Double-Bit Axe
11:22 Horse Collar
19:02 Castle Age
18:08 Stone Mining
20:31 Wheelbarrow
21:20 Gold Mining
23:02 Bloodlines
22:54 Husbandry
23:11 Forging
23:07 Scale Barding Armor
25:25 Iron Casting
33:27 Imperial Age
31:48 Chain Barding Armor
33:04 Heavy Camel Rider
35:28 Blast Furnace
35:29 Plate Barding Armor
35:57 Caravan
lucascroenne
10:24 Feudal Age
16:37 Castle Age
15:01 Horse Collar
15:08 Double-Bit Axe
16:45 Gold Mining
16:49 Stone Mining
21:54 Loom
22:00 Town Watch
25:10 Bow Saw
25:10 Heavy Plow
28:12 Wheelbarrow
30:59 Imperial Age
31:13 Stone Shaft Mining
31:16 Gold Shaft Mining
30:38 Fletching
31:37 Hand Cart
31:27 Town Patrol
32:58 Ballistics
32:49 Thumb Ring
34:38 Chemistry
33:51 Bodkin Arrow
34:22 Elite Mangudai
35:24 Bloodlines
35:15 Husbandry
36:24 Conscription
38:05 Parthian Tactics
37:42 Bracer
37:21 Elite Steppe Lancer
40:01 Caravan
42:27 Coinage
49:28 Capped Ram
50:29 Pikeman
51:09 Squires
51:58 Padded Archer Armor
52:08 Forging
52:05 Scale Barding Armor
52:13 Fortified Wall
52:06 Siege Ram
52:38 Light Cavalry
56:14 Hussar
56:53 Onager
58:25 Siege Onager
Connection lost

Rejoining the realm…

Still unreachable

The connection could not be restored.

Session expired

The server has moved on; the page needs a fresh start.